 Dungeon Crawl Stone Soup version 0.22.0-40-g68aacdc (webtiles) character file.

512 snetch the Skirmisher (level 6, -3/57 HPs)
             Began as a Minotaur Berserker on Aug 31, 2018.
             Was a Priest of Trog.
             Slain by a manticore (11 damage)
             ... on level 10 of the Dungeon.
             The game lasted 00:11:27 (2628 turns).

snetch the Skirmisher (Minotaur Berserker)          Turns: 2628, Time: 00:11:28

Health: -3/57      AC:  7    Str: 23    XL:     6   Next: 99%
Magic:  5/5        EV: 13    Int:  4    God:    Trog [***...]
Gold:   189        SH:  0    Dex: 10    Spells: 5/5 levels left

rFire    . . .     SeeInvis .   a - +0 trident
rCold    . . .     Gourm    .   (no shield)
rNeg     . . .     Faith    .   n - +0 ring mail
rPois    .         Spirit   .   f - +1 hat
rElec    .         Reflect  .   (no cloak)
rCorr    .         Harm     .   (no gloves)
MR       .....                  (no boots)
Stlth    ..........             (no amulet)
HPRegen  0.19/turn              x - ring of attention (curse)
MPRegen  0.09/turn              (no ring)

@: barbed spikes
A: retaliatory headbutt, horns 2
a: Berserk, Trog's Hand, Renounce Religion


You were on level 10 of the Dungeon.
You worshipped Trog.
Trog was most pleased with you.
You were not hungry.

You visited 1 branch of the dungeon, and saw 8 of its levels.

You collected 231 gold pieces.
You spent 42 gold pieces at shops.

Inventory:

Hand Weapons
 a - a +0 trident (weapon)
 b - a +0 hunting sling
 u - a +0 blowgun
Missiles
 h - 41 arrows
 i - 156 stones
 k - 40 sling bullets
 l - 13 bolts
 p - 7 tomahawks
 q - 2 javelins (quivered)
 t - 20 poisoned needles
Armour
 f - a +1 hat (worn)
 n - a +0 ring mail (worn)
 B - a +0 pair of gloves
Jewellery
 x - a cursed ring of attention (left hand)
Scrolls
 d - 5 scrolls of remove curse {unknown}
 e - a scroll of magic mapping {unknown}
 g - 3 scrolls of identify {unknown}
 v - a scroll of enchant armour {unknown}
 w - a scroll of blinking {unknown}
 y - a scroll of enchant weapon {unknown}
 A - a scroll of teleportation {unknown}
 C - a scroll of fear {unknown}
Potions
 j - 3 potions of heal wounds {unknown}
 m - a potion of haste {unknown}
 o - a potion of cancellation {unknown}
 r - 2 potions of curing
 z - a potion of degeneration {unknown}
Comestibles
 c - 5 rations
 s - 10 chunks of flesh


   Skills:
 + Level 6.0 Fighting
   Level 3.6 Axes
 + Level 5.5 Armour
 * Level 5.2 Dodging
 + Level 0.7 Stealth


You had 5 spell levels left.
You didn't know any spells.
Your spell library contained the following spells:

 Spells                   Type           Power        Failure   Level  Hunger
 Confusing Touch          Hex            #.....       65%         1    ##.....
 Summon Small Mammal      Summ           #...         65%         1    ##.....
 Call Imp                 Summ           #.......     78%         2    ###....
 Call Canine Familiar     Summ           #.......     95%         3    ####...
 Confuse                  Hex            #.......     95%         3    ####...
 Gell's Gravitas          Tloc           #.........   95%         3    ####...
 Summon Guardian Golem    Hex/Summ       #.......     95%         3    ####...
 Petrify                  Tmut/Erth      #.......     100%        4    #####..
 Summon Ice Beast         Ice/Summ       #.......     100%        4    #####..
 Summon Lightning Spire   Summ/Air       #.......     100%        4    #####..
 Metabolic Englaciation   Hex/Ice        #.........   100%        5    ######.
 Yara's Violent Unravell  Hex/Tmut       #.........   100%        5    ######.


Dungeon Overview and Level Annotations

Branches:
Dungeon (10/15)
 Temple: D:4-7         Lair: D:8-11         Orc: D:9-12

Altars:
Dithmenos
Ru

Shops:
D:6 !}!


Innate Abilities, Weirdness & Mutations

You reflexively headbutt those who attack you in melee.
You have a pair of horns on your head.


Message History

The volley of spikes hits you!
The barbed spikes become lodged in your body.
Throwing (i - inventory. (/) - cycle)
q - 3 javelins (quivered)
Press: ? - help, Shift-Dir - straight line, f/p - manticore
Aim: a manticore (lightly wounded)
You throw a javelin. The javelin hits the manticore!
The manticore is moderately wounded.
The manticore barely misses you. The manticore claws you. x2
You hit the manticore but do no damage.
The manticore is moderately wounded.
The manticore bites you!!
* * * LOW HITPOINT WARNING * * *
The manticore barely misses you. The manticore closely misses you.
You hit the manticore.
You headbutt the manticore, but do no damage.
The manticore is moderately wounded.
The manticore completely misses you. The manticore claws you.
* * * LOW HITPOINT WARNING * * *
The manticore claws you!
You die...

#+# ##.. #.. #.#
#####.## #......#
#..<...# #.....@#
#.....H###
#......(.#########.#
#......#.....H......
#......###########..
#......# #.....##
#....## ###..#


You could see a manticore.

Vanquished Creatures
  An ogre (D:6)
  A bullfrog (D:6)
  2 scorpions (D:6)
  A crimson imp (D:6)
  A hound (D:6)
  2 orc wizards (D:3)
  A howler monkey zombie (D:6)
  4 adders
  2 oozes
  An adder zombie (D:6)
  3 dart slugs
  4 leopard geckos
  7 orcs (D:3)
  4 giant cockroaches
  4 goblins
  6 hobgoblins
  10 jackals
  3 quokkas
  3 bats
  7 frilled lizards
  8 kobolds
  6 rats
81 creatures vanquished.

Notes
Turn   | Place    | Note
-------+----------+-------------------------------------------
     0 | D:1      | snetch the Minotaur Berserker began the quest for the Orb.
     0 | D:1      | Reached XP level 1. HP: 19/19 MP: 0/0
   115 | D:2      | Reached skill level 4 in Fighting
   115 | D:2      | Reached XP level 2. HP: 21/27 MP: 1/1
   140 | D:1      | Reached XP level 3. HP: 30/34 MP: 2/2
   948 | D:1      | You fall through a shaft!
   950 | D:2      | Reached ** piety under Trog
  1512 | D:2      | Reached XP level 4. HP: 41/41 MP: 3/3
  1915 | D:3      | Reached skill level 5 in Fighting
  2070 | D:3      | Reached XP level 5. HP: 16/48 MP: 4/4
  2239 | D:3      | You fall through a shaft for 3 floors!
  2239 | D:6      | Found Seaniz's Distillery.
  2243 | D:6      | Bought a potion of curing for 42 gold pieces
  2249 | D:6      | Found a shadowy altar of Dithmenos.
  2302 | D:6      | Found Gale's Distillery.
  2308 | D:6      | Reached *** piety under Trog
  2308 | D:6      | Reached XP level 6. HP: 54/56 MP: 5/5
  2384 | D:6      | Reached skill level 5 in Armour
  2403 | D:6      | Reached skill level 5 in Dodging
  2465 | D:6      | Found Kuxautec's Gadget Emporium.
  2486 | D:5      | Entered Level 5 of the Dungeon
  2526 | D:5      | Reached skill level 6 in Fighting
  2539 | D:5      | Found a sacrificial altar of Ru.
  2563 | D:5      | You fall through a shaft!
  2581 | D:6      | You fall through a shaft for 3 floors!
  2588 | D:9      | Noticed a sky beast
  2599 | D:10     | Entered Level 10 of the Dungeon
  2613 | D:10     | Noticed a manticore
  2628 | D:10     | Slain by a manticore

Skill      XL: |  1  2  3  4  5  6 |
---------------+-------------------+-----
Fighting       | 4 5 6 |  6.0
Dodging        | 3 4 5 |  5.2
Armour         | 3 4 5 |  5.5
Axes           | |  3.6
Stealth        | |  0.7

Action                   |  1- 3 |  4- 6 || total
-------------------------+-------+-------++-------
Melee: Hand axe          |    89 |    38 ||   127
       Headbutt          |    10 |    15 ||    25
       Flail             |       |    20 ||    20
       Trident           |       |    53 ||    53
Throw: Throwing net      |     1 |       ||     1
       Javelin           |       |     9 ||     9
Invok: Trog's Hand       |       |     2 ||     2
       Berserk           |       |     1 ||     1
  Eat: Chunk             |     2 |     6 ||     8
Armor: Animal skin       |    10 |       ||    10
       Ring mail         |    12 |    35 ||    47
Dodge: Dodged            |    68 |    59 ||   127
